 Dungeon Crawl Stone Soup version 0.22-a0-845-g8bfc27d406 (webtiles) character file.

3137 LLavrengius the Fighter (level 9, -9/82 HPs)
             Began as a White Draconian Transmuter on July 25, 2018.
             Was an Initiate of Sif Muna.
             Mangled by a hornet (16 damage)
             ... on level 8 of the Dungeon on July 26, 2018.
             The game lasted 01:00:02 (8588 turns).

LLavrengius the Fighter (DrTm)                      Turns: 8588, Time: 01:00:02

Health: -9/82      AC:  8    Str: 12    XL:     9   Next: 61%
Magic:  22/22      EV: 12    Int: 18    God:    Sif Muna [......]
Gold:   380        SH:  0    Dex: 14    Spells: 7/14 levels left

rFire    . . .     SeeInvis .   x - +2 short sword (elec)
rCold    + . .     Gourm    .   (no shield)
rNeg     . . .     Faith    .   (armour unavailable)
rPois    .         Spirit   .   (helmet restricted)
rElec    .         Reflect  .   (no cloak)
rCorr    .         Harm     .   M - +0 pair of gloves (curse)
MR       .....                  (no boots)
Stlth    +.........             s - amulet of magic regeneration
HPRegen  0.23/turn              b - +3 ring of intelligence
MPRegen  0.43/turn              K - ring of magical power

@: lethally poisoned (-9 -> -16), slowed, very slow
A: breathe frost, unfitting armour, cold resistance 1, cold-blooded, AC +7
a: Breathe Frost, Renounce Religion


You were on level 8 of the Dungeon.
You worshipped Sif Muna.
Sif Muna was noncommittal.
You were hungry.

You visited 2 branches of the dungeon, and saw 9 of its levels.

You collected 380 gold pieces.

Inventory:

Hand Weapons
 o - a +1 dagger of venom
 v - a +0 hunting sling
 w - a +0 blowgun
 x - a +2 short sword of electrocution (weapon)
Missiles
 e - 409 stones (quivered)
 i - 2 throwing nets
 p - 71 sling bullets
 y - 69 poisoned needles
 A - 10 curare-tipped needles
 H - 70 arrows
Armour
 M - a cursed +0 pair of gloves (worn)
 S - a +0 pair of gloves
Magical Staves
 N - an uncursed staff of poison
Jewellery
 b - a +3 ring of intelligence (left hand)
 s - an amulet of magic regeneration (around neck)
 C - the ring of Yroutid {*Corrode rPois EV+3 Dex+2}
   (You found it on level 5 of the Dungeon)

   [ring of evasion]

   It affects your evasion (+3).
   It affects your dexterity (+2).
   It protects you from poison.
   It may corrode you when you take damage.
 K - a ring of magical power (right hand)
 O - an uncursed ring of protection from magic {unknown}
 Q - a cursed ring of attention {unknown}
Wands
 B - a wand of enslavement (15)
 E - a wand of acid (4)
 L - a wand of disintegration (18)
 P - a wand of clouds (5)
Scrolls
 f - 5 scrolls of fear
 n - 3 scrolls of enchant armour
 q - 3 scrolls of fog {unknown}
 r - 3 scrolls of identify
 t - a scroll of teleportation {unknown}
 u - 3 scrolls of remove curse {unknown}
 z - 2 scrolls of noise {unknown}
 D - a scroll of silence {unknown}
 G - a scroll of amnesia
 I - a scroll of enchant weapon {unknown}
 J - 3 scrolls of magic mapping {unknown}
 R - a scroll of immolation {unknown}
Potions
 a - a potion of ambrosia {unknown}
 d - 3 potions of degeneration
 g - a potion of lignification
 h - 2 potions of invisibility {unknown}
 j - 3 potions of brilliance {unknown}
 k - 7 potions of curing
 l - 2 potions of flight {unknown}
 m - 2 potions of mutation
 F - 2 potions of cancellation {unknown}
Comestibles
 c - 8 rations
 T - 5 chunks of flesh


   Skills:
 + Level 8.6 Fighting
 - Level 2.0 Dodging
 + Level 6.8 Unarmed Combat
 * Level 3.3 Spellcasting
 + Level 3.0 Summonings
 - Level 6.0 Transmutations
 * Level 6.3 Ice Magic


You had 7 spell levels left.
You knew the following spells:

 Your Spells              Type           Power        Failure   Level  Hunger
a - Beastly Appendage     Tmut           ###...       1%          1    None
b - Call Imp              Summ           ##......     7%          2    ##.....
c - Ice Form              Ice/Tmut       ####....     12%         4    ####...

Your spell library contained the following spells:

 Spells                   Type           Power        Failure   Level  Hunger
 Magic Dart               Conj           #...         16%         1    None
 Conjure Flame            Conj/Fire      #.......     43%         3    ###....
 Slow                     Hex            #.......     24%         2    ##.....
 Mephitic Cloud           Conj/Pois/Air  #.......     43%         3    ###....
 Blink                    Tloc           N/A          24%         2    ##.....
 Spider Form              Tmut/Pois      ##........   14%         3    ###....
 Blade Hands              Tmut           ###.......   36%         5    ######.
 Sticks to Snakes         Tmut           ###.....     1%          2    ##.....


Dungeon Overview and Level Annotations

Branches:
Dungeon (8/15)             Temple (1/1) D:6
   Lair: D:8-11

Altars:
Ashenzari
Cheibriados
Dithmenos
Elyvilon
Fedhas
Gozag
Hepliaklqana
Kikubaaqudgha
Makhleb
Nemelex Xobeh
Okawaru
Qazlal
Ru
Sif Muna
Trog
Uskayaw
Vehumet
Xom
Yredelemnul
Zin
The Shining One

Shops:
D:5 }


Innate Abilities, Weirdness & Mutations

You can breathe waves of freezing cold.
You can buffet flying creatures when you breathe cold.
Your icy white scales are hard. (AC +7)
You cannot fit into any form of body armour.
Your flesh is cold resistant. (rC+)
You are cold-blooded and may be slowed by cold attacks.


Message History

You are more poisoned.
You feel yourself slow down.
Your shadow imp closely misses the hornet.
* * * LOW HITPOINT WARNING * * *
You feel sick.
The hornet barely misses your shadow imp.
The hornet stings your shadow imp!
Your shadow imp dies!
You hit the hornet. Lightning courses through the hornet!
The hornet is almost dead.
* * * LOW HITPOINT WARNING * * *
You feel sick. The hornet stings you.
* * * LOW HITPOINT WARNING * * *
You feel as though you will be slow longer.
The hornet misses you.
You closely miss the hornet.
Your tail-slap misses the hornet.
The hornet is almost dead.
* * * LOW HITPOINT WARNING * * *
You feel sick. The hornet stings you!
You die...

#.....#.....##.. ##############
#.....#.....## ###..#.....#.###
########.....# #....#.....'....
##.#.#.#.....# #....#.....#....
+#.#.##.....# #.>..'.....#....
#.#.#..###+###########.....#..##
# #y#.##..................###..##
########..........).......#......
.....#.........y@_........#......
.....#....................#......
.....#....................#......
.....#....................#......
##...#....................#######
##...#...........................
.....#...........................
.....####+######+##..............
...........# #..............


You could see a hornet.

Vanquished Creatures
  A two-headed ogre (D:8)
  Pikel (D:4)
  Menkaure (D:5)
  Duvessa (D:4)
  A soldier ant (D:8)
  3 ice beasts
  2 ogres
  A phantom (D:8)
  A bullfrog (D:8)
  A centaur zombie (D:6)
  2 crimson imps
  2 hounds
  A jelly (D:6)
  A quasit (D:4)
  5 orc priests
  A bullfrog skeleton (D:7)
  2 iguanas
  An orc wizard (D:3)
  3 worker ants
  A killer bee zombie (D:8)
  2 hound skeletons
  3 gnolls
  5 adders
  3 shadow imps
  An ooze (D:3)
  2 adder skeletons
  4 worms
  A dart slug (D:1)
  6 leopard geckos
  14 orcs
  12 bats
  6 giant cockroaches
  9 hobgoblins
  12 jackals
  9 kobolds
  3 quokkas
  A ball python skeleton (D:4)
  3 frilled lizards
  13 goblins
  3 leopard gecko skeletons
  A quokka skeleton (D:2)
  13 rats
158 creatures vanquished.

Vanquished Creatures (collateral kills)
  An orc warrior (D:6)
  4 ogres
  A crocodile (D:7)
  A bullfrog (D:8)
  A scorpion (D:5)
  2 orc wizards
  A gnoll (D:5)
  3 adders
  A leopard gecko (D:6)
  6 orcs
21 creatures vanquished.

Vanquished Creatures (others)
  A slave (D:4)
  Dowan (D:4)
2 creatures vanquished.

Grand Total: 181 creatures vanquished

Notes
Turn   | Place    | Note
-------+----------+-------------------------------------------
     0 | D:1      | LLavrengius the Draconian Transmuter began the quest for the Orb.
     0 | D:1      | Reached XP level 1. HP: 16/16 MP: 3/3
   249 | D:1      | Reached XP level 2. HP: 20/23 MP: 3/5
   483 | D:1      | Learned a level 2 spell: Sticks to Snakes
   612 | D:1      | Reached XP level 3. HP: 28/29 MP: 6/6
  1188 | D:2      | Reached skill level 2 in Fighting
  1466 | D:2      | Reached XP level 4. HP: 32/37 MP: 0/7
  1472 | D:2      | Learned a level 4 spell: Ice Form
  2605 | D:3      | Reached skill level 1 in Ice Magic
  2859 | D:3      | Reached XP level 5. HP: 21/42 MP: 4/8
  3499 | D:3      | Reached skill level 3 in Fighting
  3659 | D:4      | Found a burning altar of Makhleb.
  3728 | D:4      | Noticed Pikel
  3728 | D:4      | Noticed a slave
  3728 | D:4      | Noticed a slave
  3744 | D:4      | Noticed a slave
  3744 | D:4      | Noticed a slave
  3755 | D:4      | Killed Pikel
  3755 | D:4      | Reached skill level 5 in Fighting
  3755 | D:4      | Reached skill level 5 in Transmutations
  3755 | D:4      | Reached XP level 6. HP: 38/56 MP: 3/9
  3755 | D:4      | Your scales start taking on an icy white colour.
  3755 | D:4      | Reached XP level 7. HP: 42/61 MP: 3/10
  3755 | D:4      | Gained mutation: Your flesh is cold resistant. (rC+) [White Draconian growth]
  3828 | D:4      | Noticed Duvessa
  3830 | D:4      | Noticed Dowan
  3855 | D:5      | Entered Level 5 of the Dungeon
  3864 | D:4      | Killed Duvessa
  3872 | D:4      | Killed Dowan
  4199 | D:4      | Learned a level 2 spell: Call Imp
  4326 | D:4      | Noticed a troll
  4344 | D:4      | Reached skill level 1 in Summonings
  4534 | D:4      | HP: 2/62 [troll (11)]
  5086 | D:4      | Reached skill level 6 in Fighting
  5127 | D:4      | Reached XP level 8. HP: 69/70 MP: 11/11
  5191 | D:5      | Noticed Menkaure
  5194 | D:5      | Killed Menkaure
  5281 | D:5      | Got a pitted lapis lazuli ring
  5282 | D:5      | Identified the ring of Yroutid {*Corrode rPois EV+3 Dex+2} (You found it on level 5 of the Dungeon)
  5427 | D:5      | Upgraded the game from 0.22-a0-833-g8522bf8125 to 0.22-a0-845-g8bfc27d406
  5554 | D:5      | Found Raurr's Gadget Boutique.
  5685 | D:5      | Found a bloodstained altar of Trog.
  6272 | D:6      | Found a staircase to the Ecumenical Temple.
  6292 | Temple   | Entered the Ecumenical Temple
  6623 | D:6      | Reached skill level 5 in Ice Magic
  6745 | D:6      | Found a white marble altar of Elyvilon.
  7571 | D:7      | Reached skill level 7 in Fighting
  7574 | D:7      | Reached skill level 5 in Unarmed Combat
  7771 | D:8      | Noticed a two-headed ogre
  7800 | D:8      | Reached XP level 9. HP: 76/79 MP: 13/13
  7945 | D:8      | Found a deep blue altar of Sif Muna.
  7960 | D:8      | Became a worshipper of Sif Muna the Loreminder
  8034 | D:8      | Killed a two-headed ogre
  8034 | D:8      | Reached skill level 8 in Fighting
  8582 | D:8      | Paralysed by a hornet for 3 turns
  8588 | D:8      | Mangled by a hornet

Vault maps used:
D:1:      scummos_arrival_star
D:4:      kennysheep_big_flooded_room, lightli_temple_of_fire, first_ration,
          uniq_duvessa, uniq_pikel
D:5:      serial_shops, shop, trog_book, uniq_menkaure
D:6:      minmay_temple_entry_grid, basic_altar
D:7:      kennysheep_generic_room_12
D:8:      overflow_temple_1_default, hangedman_pestilent_swarm
Temple:   eino_narrow_crystal_temple

Skill      XL: |  1  2  3  4  5  6  7  8  9 |
---------------+----------------------------+-----
Dodging        | 2 |  2.0
Fighting       | 2 5 6 7 8 |  8.6
Unarmed Combat | 4 5 6 |  6.8
Transmutations | 3 5 6 |  6.0
Ice Magic      | 1 2 3 6 |  6.3
Summonings     | 1 2 3 |  3.0
Spellcasting   | 3 |  3.3

Action                   |  1- 3 |  4- 6 |  7- 9 || total
-------------------------+-------+-------+-------++-------
Melee: Unarmed           |    81 |       |       ||    81
       Tailslap          |     9 |     7 |    19 ||    35
       Headbutt          |     3 |       |     1 ||     4
       Kick              |     1 |     2 |       ||     3
       Dagger            |    53 |    45 |       ||    98
       Short sword       |       |    78 |   256 ||   334
       Punch             |       |     1 |     5 ||     6
 Fire: Hunting sling     |       |     2 |     8 ||    10
       Blowgun           |       |       |    17 ||    17
Throw: Stone             |       |       |     2 ||     2
 Cast: Beastly Appendage |    11 |     5 |     3 ||    19
       Sticks to Snakes  |     2 |     9 |     1 ||    12
       Call Imp          |       |       |    65 ||    65
 Abil: Breathe Frost     |       |       |     6 ||     6
  Use: Scroll            |       |       |     9 ||     9
 Stab: Sleeping          |       |     2 |     3 ||     5
       Distracted        |       |       |     4 ||     4
  Eat: Chunk             |     2 |     8 |    16 ||    26
       Ration            |       |       |     1 ||     1
Armor: Skin              |    47 |    34 |    82 ||   163
Dodge: Dodged            |    93 |    69 |   198 ||   360

Table legend:
 A = Spawn XP
 B = Non-spawn XP
 C = Spawn XP percentage of total XP
 D = Spawn monster count
 E = Non-spawn monster count
 F = Spawn count percentage of total count
 G = Total turns spent on level
                    A         B        C        D         E        F      G
               +---------+---------+-------+---------+---------+-------+---------
         Total |       0 |    4482 |   0.0 |       0 |     179 |   0.0 |  8588
               +---------+---------+-------+---------+---------+-------+---------
           D:1 |       0 |      54 |   0.0 |       0 |      32 |   0.0 |  1143
           D:2 |       0 |      63 |   0.0 |       0 |      26 |   0.0 |   926
           D:3 |       0 |     199 |   0.0 |       0 |      33 |   0.0 |  2163
           D:4 |       0 |    1138 |   0.0 |       0 |      21 |   0.0 |   951
           D:5 |       0 |     343 |   0.0 |       0 |      11 |   0.0 |   671
           D:6 |       0 |     521 |   0.0 |       0 |      17 |   0.0 |   873
           D:7 |       0 |     434 |   0.0 |       0 |      17 |   0.0 |   784
           D:8 |       0 |    1730 |   0.0 |       0 |      22 |   0.0 |   802
               +---------+---------+-------+---------+---------+-------+---------
